 Dungeon Crawl Stone Soup version 0.29.0-4-gdea44cf6ec (webtiles) character file.

Game seed: 14991742710108550246

36 qw the Chopper (level 3, -1/21 HPs)
             Began as a Tengu Warper on Aug 28, 2022.
             Succumbed to their own poison gas
             ... on level 1 of the Dungeon.
             The game lasted 00:00:05 (1225 turns).

qw the Chopper (Tengu Warper)                       Turns: 1225, Time: 00:00:06

Health: -1/21      AC:  6    Str: 13    XL:     3   Next: 37%
Magic:  7/7        EV:  9    Int: 13    God:
Gold:   38         SH:  0    Dex: 13    Spells: 6/6 levels left

rFire   . . .      SeeInvis .   Y - +1 hand axe
rCold   . . .      Faith    .   (no shield)
rNeg    . . .      Spirit   .   k - +0 scale mail
rPois   .          Reflect  .   (helmet restricted)
rElec   .          Harm     .   (no cloak)
rCorr   .          Rampage  .   (no gloves)
Will    .....                   (boots unavailable)
Stlth   ..........              (no amulet)
HPRegen 0.07/turn               (no ring)
MPRegen 0.10/turn               (no ring)

@: lethally poisoned (-1 -> -13)
A: beak, talons 3
a: no special abilities


You were on level 1 of the Dungeon.
You visited 1 branch of the dungeon, and saw 1 of its levels.

You collected 38 gold pieces.


Innate Abilities, Weirdness & Mutations

You have a beak for a mouth.
You have claws for feet.


   Skills:
 - Level 2.0 Fighting
 + Level 4.1 Axes
 - Level 1.0 Throwing
 - Level 1.1 Armour
 - Level 2.1 Dodging
 - Level 2.0 Spellcasting
 - Level 2.4 Translocations


You had 6 spell levels left.
You didn't know any spells.
Your spell library contained the following spells:

 Spells                   Type           Power      Damage    Failure   Level
 Blink                    Tloc           14%        N/A       56%         2
 Gell's Gravitas          Tloc           7%         N/A       80%         3
 Lesser Beckoning         Tloc           7%         N/A       80%         3
 Teleport Other           Tloc           7%         N/A       80%         3
 Manifold Assault         Tloc           7%         N/A       100%        5

Inventory:

Hand Weapons
 g - a +0 club
 Y - a +1 hand axe (weapon)
Armour
 k - a +0 scale mail (worn)
Potions
 d - a potion of might {unknown}
 e - a potion of haste {unknown}
 i - a potion of magic {unknown}
 l - a potion of resistance {unknown}

Dungeon Overview and Level Annotations

Branches:
Dungeon (1/15)

Altars:


Message History

Done exploring.
1217 ||| READING scroll labelled MAGAUS PAPIMYO.
As you read the scroll labelled MAGAUS PAPIMYO, it crumbles to dust.
It is a scroll of enchant armour.
Really abort (and waste the scroll)?
Done exploring.
1218 ||| READING scroll labelled EXUFIE HAENN.
As you read the scroll labelled EXUFIE HAENN, it crumbles to dust.
It is a scroll of enchant weapon.
Your +0 hand axe glows red for a moment.
Done exploring.
1219 ||| READING scroll labelled WAROSEIDANT.
As you read the scroll labelled WAROSEIDANT, it crumbles to dust.
It is a scroll of amnesia.
You feel forgetful for a moment.
Done exploring.
1220 ||| READING scroll labelled RINIAXK MEF PEF.
The air fills with toxic fumes!
As you read the scroll labelled RINIAXK MEF PEF, it crumbles to dust.
It was a scroll of poison.
Done exploring.
1221 ||| DROPPING scroll of blinking.
You drop a scroll of blinking.
Done exploring.
(D) Dungeon
Where to? (* - list waypoints, ? - help)
What level of the Dungeon? (default 1, ? - help) Sorry, I don't know how to get there.
Done exploring.
1222 ||| Stepping randomly (stuck).
Really walk into that cloud of poison gas?
You are engulfed in poison gas.
You are lethally poisoned!
You feel very sick.
1223 ||| Stepping ~*~*~tactically~*~*~ (cloud).
You feel very sick.
Things that are here:
a scroll of blinking; a +0 leather armour
There is a lethal amount of poison in your body!
You feel very sick.
There is a lethal amount of poison in your body!
You die...

.#####.#.#########.#.#########.#
.'.....#.).........#...........##
################################.
##.....# #¤# ## .^.....# #¤#
##...#.## #¤# ##.#...## #¤#
#......#######¤# #......¤¤¤¤¤¤¤@#
##.....######### #####...##
.......## ########


There were no monsters in sight!

Vanquished Creatures
  A dart slug (D:1)
  2 bats (D:1)
  2 endoplasms (D:1)
  5 goblins (D:1)
  3 hobgoblins (D:1)
  3 jackals (D:1)
  3 kobolds (D:1)
  3 quokkas (D:1)
  3 ball pythons (D:1)
  A frilled lizard (D:1)
  2 rats (D:1)
28 creatures vanquished.

Notes
Turn   | Place    | Note
-------+----------+-------------------------------------------
     0 | D:1      | qw the Tengu Warper began the quest for the Orb.
     0 | D:1      | Reached XP level 1. HP: 12/12 MP: 4/4
     0 | D:1      | 0 ||| qw: Version: 0.1-a-89-g26bdef1
     0 | D:1      | 0 ||| qw: Game counter: 1118
     0 | D:1      | 0 ||| qw: Always use a shield: true
     0 | D:1      | 0 ||| qw: God list: Okawaru
     0 | D:1      | 0 ||| qw: Allow faded altars: false
     0 | D:1      | 0 ||| qw: Do Orc after D:15 true
     0 | D:1      | 0 ||| qw: Do second Lair branch before Depths: true
     0 | D:1      | 0 ||| qw: Lair rune preference: random
     0 | D:1      | 0 ||| qw: Plans: Normal
     0 | D:1      | 0 ||| PLANNING D:1-11
    59 | D:1      | 59 ||| Stepping ~*~*~tactically~*~*~ (stealth).
    60 | D:1      | 60 ||| Stepping ~*~*~tactically~*~*~ (stealth).
   158 | D:1      | Reached XP level 2. HP: 17/17 MP: 6/6
   207 | D:1      | Reached skill level 3 in Axes
   357 | D:1      | 357 ||| Stepping ~*~*~tactically~*~*~ (stealth).
   363 | D:1      | 363 ||| Stepping ~*~*~tactically~*~*~ (stealth).
   681 | D:1      | Reached XP level 3. HP: 21/21 MP: 7/7
   958 | D:1      | Reached skill level 4 in Axes
  1206 | D:1      | 1206 ||| UPGRADING to +0 scale mail.
  1216 | D:1      | 1216 ||| DROPPING +0 leather armour.
  1217 | D:1      | 1217 ||| READING scroll labelled MAGAUS PAPIMYO.
  1218 | D:1      | 1218 ||| READING scroll labelled EXUFIE HAENN.
  1219 | D:1      | 1219 ||| READING scroll labelled WAROSEIDANT.
  1220 | D:1      | 1220 ||| READING scroll labelled RINIAXK MEF PEF.
  1221 | D:1      | 1221 ||| DROPPING scroll of blinking.
  1222 | D:1      | 1222 ||| Stepping randomly (stuck).
  1223 | D:1      | 1223 ||| Stepping ~*~*~tactically~*~*~ (cloud).
  1223 | D:1      | HP: 5/21 [poisoned by you (poison gas)]
  1224 | D:1      | HP: 2/21 [poisoned by you (poison gas)]
  1225 | D:1      | Succumbed to their own poison gas

Levels and vault maps discovered:
D:1:      saegor_arrival_miasma, layout_loops_ring, roderic_serpentine_path,
          minmay_door_square, minmay_tetromino_l2

Skill      XL: |  1  2  3 |
---------------+----------+-----
Axes           | 3 4 |  4.1
Fighting       | |  2.0
Throwing       | |  1.0
Armour         | |  1.1
Dodging        | |  2.1
Spellcasting   | |  2.0
Translocations | |  2.4

Action                   || total
-------------------------++-------
Melee: Hand axe          ||    51
       Peck              ||     5
       Kick              ||     9
Throw: Boomerang         ||     7
  Use: Scroll            ||     4
Armor: Leather armour    ||     8
Dodge: Dodged            ||    19

Table legend:
 A = Non-vault XP
 B = Vault XP
 C = Vault XP percentage of total XP
 D = Non-vault monster count
 E = Vault monster count
 F = Vault count percentage of total count
                 A         B        C        D         E       F
            +---------+---------+-------+---------+---------+-------
      Total |      50 |       2 |   3.8 |      27 |       1 |   3.6
            +---------+---------+-------+---------+---------+-------
        D:1 |      50 |       2 |   3.8 |      27 |       1 |   3.6
            +---------+---------+-------+---------+---------+-------
